 Dungeon Crawl Stone Soup version 0.19-a0-1637-gfc13266 (webtiles) character file.

1228 Reeven the Carver (level 8, -2/62 HPs)
             Began as a Formicid Abyssal Knight on Sept 19, 2016.
             Was a Priest of Lugonu.
             Shot with an arrow by a centaur (7 damage)
             ... on level 9 of the Dungeon.
             The game lasted 00:37:12 (6628 turns).

Reeven the Carver (Formicid Abyssal Knight)         Turns: 6628, Time: 00:37:15

Health: -2/62      AC:  9    Str: 25    XL:     8   Next: 76%
Magic:  9/9        EV:  9    Int: 12    God:    Lugonu [***...]
Gold:   208        SH:  0    Dex: 11    Spells: 0 memorised, 7 levels left

rFire  . . .     SeeInvis +     r - +0 great sword
rCold  . . .     Gourm    .     z - +0 chain mail
rNeg   + . .     Faith    .     (no shield)
rPois  .         Spirit   .     (helmet unavailable)
rElec  .         Dismiss  .     (no cloak)
rCorr  .         Reflect  .     (no gloves)
MR     +....     Harm     .     (no boots)
Stlth  ..........               (no amulet)
                                (no ring)
                                u - ring of positive energy

@: mighty
A: permanent stasis, dig shafts and tunnels, four strong arms, antennae 3, magic
resistance 1, strong 1
a: Dig, Shaft Self, Depart the Abyss, Bend Space, Banish, Renounce Religion


You were on level 9 of the Dungeon.
You worshipped Lugonu.
Lugonu was most pleased with you.
You were not hungry.

You visited 2 branches of the dungeon, and saw 8 of its levels.
You visited the Abyss 1 time.

You collected 208 gold pieces.

Inventory:

Hand Weapons
 a - a +1 falchion
 r - a +0 great sword (weapon)
 v - a +0 falchion
 I - a +0 shortbow
Missiles
 g - 25 bolts
 y - 3 tomahawks
 J - 39 arrows (quivered)
Armour
 b - a +0 leather armour
 k - a +0 leather armour
 l - a +0 scale mail
 w - a +0 cloak
 z - a +0 chain mail (worn)
 B - a +0 plate armour
Jewellery
 u - a ring of positive energy (left hand)
Wands
 p - a wand of flame (38/48)
 t - a wand of lightning (11/15)
Scrolls
 d - a scroll of fear
 e - 4 scrolls of teleportation
 f - a scroll of remove curse {unknown}
 i - 2 scrolls of identify
 n - a scroll of immolation {unknown}
 A - a scroll of magic mapping {unknown}
 D - a scroll of fog {unknown}
 E - a scroll of noise {unknown}
 F - a scroll of amnesia {unknown}
 G - a scroll of enchant weapon {unknown}
Potions
 m - a potion of agility
 o - 3 potions of flight
 x - a potion of cancellation {unknown}
 H - a potion of lignification {unknown}
 K - a potion of curing {unknown}
Comestibles
 c - 3 bread rations
 j - 3 meat rations
 q - a slice of pizza
 s - 2 royal jellies


   Skills:
 + Level 5.2 Fighting
 * Level 8.0 Long Blades
 + Level 0.8 Bows
 + Level 1.0 Throwing
 + Level 4.7 Armour
 + Level 1.5 Dodging
 + Level 0.6 Stealth
 + Level 2.3 Invocations


You had 7 spell levels left.
You didn't know any spells.

Dungeon Overview and Level Annotations

Branches:
Dungeon (6/15)             Temple (1/1) D:5            Lair (0/6) D:9

Altars:
Ashenzari
Elyvilon
Fedhas
Gozag
Kikubaaqudgha
Nemelex Xobeh
Okawaru
Qazlal
Ru
Trog
Xom
Yredelemnul
Zin
The Shining One

Annotations:
D:3 Grinder


Innate Abilities, Weirdness & Mutations

You are under a permanent stasis effect.
You can dig through walls and to a lower floor.
Your four strong arms can wield two-handed weapons with a shield.
You have a pair of large antennae on your head. (SInv)
You are resistant to hostile enchantments. (MR+)
Your muscles are strong. (Str +2)


Message History

You see here an arrow.
You feel very mighty all of a sudden.
The kobold shouts!
The hell hound closely misses you.
The centaur shoots an arrow.
The arrow misses you. The hell hound closely misses you.
Are you sure you want to shaft yourself?
You feel quite a bit more hungry.
The centaur shoots an arrow.
The arrow hits you.
* * * LOW HITPOINT WARNING * * *
The hell hound stops to sniff the ground.
The hell hound completely misses you.
You riposte.
You slice the hell hound!!
You kill the hell hound!
Lugonu accepts your kill.
Your Long Blades skill increases to level 8!
The centaur shoots an arrow.
The arrow hits you!
* * * LOW HITPOINT WARNING * * *
You begin to dig a shaft.
You continue digging a shaft.
The hell hound completely misses you.
The centaur shoots an arrow.
The arrow hits you!
You die...

......... ....
....KK..# ....
.c≈≈§.K.# .....
§≈≈≈§§c.##.....
≈≈≈.≈≈..K......
≈≈.>.≈≈......
≈≈≈≈.≈≈...#
.≈§≈≈§≈§#.##
...§≈§....@##
...§..§...#h#
#######...#.#######
.................
.................
######..#########
#..# ..../ .#####


You could see a hell hound, a big kobold (wandering), a centaur and 3 kobolds.

Vanquished Creatures
  A hell hound (D:9)
  3 ice beasts
  A sky beast (D:6)
  An ogre (D:6)
  A centaur (D:5)
  A bullfrog (D:5)
  A scorpion (D:5)
  A howler monkey (D:5)
  A centaur zombie (D:5)
  An orc priest (D:5)
  A bullfrog skeleton (D:4)
  2 hounds
  An orc wizard (D:4)
  3 worker ants
  A howler monkey skeleton (D:4)
  9 adders
  An ooze (D:1)
  3 worms
  2 dart slugs
  4 leopard geckos
  17 orcs
  A ball python (D:1)
  3 giant cockroaches
  8 goblins
  8 hobgoblins
  7 jackals
  3 quokkas
  8 bats
  5 frilled lizards
  6 kobolds
  A leopard gecko skeleton (D:4)
  10 rats
116 creatures vanquished.

Notes
Turn   | Place    | Note
-------+----------+-------------------------------------------
     0 | Abyss:1  | Reeven the Formicid Abyssal Knight began the quest for the Orb.
     0 | Abyss:1  | Reached XP level 1. HP: 18/18 MP: 2/2
     3 | Abyss:1  | Found a corrupted altar of Lugonu.
    21 | D:1      | Escaped the Abyss
   176 | D:1      | Reached * piety under Lugonu
   241 | D:1      | Reached XP level 2. HP: 24/25 MP: 3/3
   515 | D:1      | Reached XP level 3. HP: 26/30 MP: 4/4
  1369 | D:2      | Found a sacrificial altar of Ru.
  1455 | D:2      | Reached skill level 1 in Dodging
  1455 | D:2      | Reached XP level 4. HP: 32/37 MP: 5/5
  1487 | D:2      | Found a stormy altar of Qazlal.
  1571 | D:2      | Reached ** piety under Lugonu
  1571 | D:2      | Reached skill level 3 in Long Blades
  2564 | D:3      | Reached XP level 5. HP: 33/42 MP: 6/6
  2725 | D:3      | Reached skill level 4 in Long Blades
  2763 | D:3      | Noticed Grinder
  2780 | D:3      | You fall through a shaft!
  3064 | D:4      | Found a sparkling altar of Nemelex Xobeh.
  3210 | D:4      | Reached XP level 6. HP: 20/49 MP: 7/7
  3520 | D:4      | Noticed an ice beast
  3534 | D:4      | Killed an ice beast
  3534 | D:4      | Reached skill level 5 in Long Blades
  3636 | D:4      | Found a blossoming altar of Fedhas.
  3641 | D:4      | Found a basalt altar of Yredelemnul.
  3947 | D:4      | Found a glowing silver altar of Zin.
  4126 | D:4      | Reached XP level 7. HP: 38/55 MP: 8/8
  4370 | D:5      | Entered Level 5 of the Dungeon
  4660 | D:5      | Reached skill level 6 in Long Blades
  4718 | D:5      | Found a staircase to the Ecumenical Temple.
  4723 | Temple   | Entered the Ecumenical Temple
  5202 | D:5      | Reached XP level 8. HP: 43/61 MP: 9/9
  5275 | D:5      | Reached skill level 7 in Long Blades
  5458 | D:5      | Reached *** piety under Lugonu
  5458 | D:5      | Reached skill level 5 in Fighting
  5886 | D:6      | Reached skill level 1 in Throwing
  6010 | D:6      | Found a white marble altar of Elyvilon.
  6324 | D:6      | Gained mutation: You are robust. (+10% HP) [mutagenic meat]
  6328 | D:6      | Gained mutation: You are resistant to hostile enchantments. (MR+) [mutagenic meat]
  6331 | D:6      | Lost mutation: You are robust. (+10% HP) [mutagenic meat]
  6535 | D:6      | Gained mutation: Your muscles are strong. (Str +2) [mutagenic meat]
  6617 | D:6      | You fall through a shaft for 3 floors!
  6617 | D:9      | Found a staircase to the Lair.
  6627 | D:9      | Reached skill level 8 in Long Blades
  6628 | D:9      | Shot with an arrow by a centaur

Vault maps used:
D:1:      dpeg_arrival_round_c, minmay_pentomino_p2
D:2:      grunt_qazlal_sundering, nicolae_ru_awakened_eye
D:3:      nicolae_dithmenos_shadow_blocks, bloody_trog, uniq_grinder
D:4:      zin_statuary, nemelex_altar_shiori, grunt_temple_overflow_open,
          first_bread
D:6:      vehumet_statue, elyvilon_altar_4, uniq_prince_ribbit1
D:9:      lightli_temple_of_fire, minmay_lair_entry_lava, david_orc_1_choice
Temple:   nicolae_temple_figure_zero

Skill      XL: |  1  2  3  4  5  6  7  8 |
---------------+-------------------------+-----
Fighting       | 4 5 |  5.2
Dodging        | 1 |  1.5
Long Blades    | 3 4 5 6 8 |  8.0
Armour         | 3 4 |  4.7
Throwing       | 1 |  1.0
Bows           | |  0.8
Stealth        | |  0.6
Invocations    | |  2.3

Action                   |  1- 3 |  4- 6 |  7- 9 || total
-------------------------+-------+-------+-------++-------
Melee: Falchion          |   108 |   121 |       ||   229
       Great sword       |       |   100 |   150 ||   250
 Fire: Shortbow          |       |       |    12 ||    12
Throw: Tomahawk          |       |     2 |     7 ||     9
Invok: Depart the Abyss  |     1 |       |       ||     1
       Bend Space        |       |     1 |       ||     1
 Abil: Dig               |     3 |     4 |     5 ||    12
       Shaft Self        |       |     1 |     2 ||     3
  Use: Scroll            |     3 |     3 |     1 ||     7
       Potion            |       |       |     4 ||     4
  Eat: Chunk             |     2 |     4 |    11 ||    17
       Pizza             |       |     1 |       ||     1
       Bread ration      |       |     1 |     1 ||     2
Armor: Leather armour    |    25 |       |       ||    25
       Scale mail        |     5 |    70 |       ||    75
       Plate armour      |       |    26 |       ||    26
       Chain mail        |       |    20 |    91 ||   111
Dodge: Dodged            |    50 |    75 |    71 ||   196
